 Dungeon Crawl Stone Soup version 0.30.0 (webtiles) character file.

Game seed: 3542799907219371300

10392 BoiBoi123 the Severer (level 11, -7/89 (91) HPs)
             Began as a Minotaur Berserker on Aug 29, 2023.
             Was a Priest of Trog.
             Shot with an arrow by a centaur warrior (23 damage)
             ... on level 10 of the Dungeon.
             The game lasted 00:32:13 (11810 turns).

BoiBoi123 the Severer (Minotaur Berserker)         Turns: 11810, Time: 00:32:14

HP:   -7/89 (91)    AC: 12    Str: 26    XL:     11   Next: 35%
MP:   10/10         EV:  9    Int:  4    God:    Trog [***...]
Gold: 521           SH:  0    Dex: 16    Spells: 10/10 levels left

rFire   . . .        f - +4 battleaxe
rCold   . . .        (shield currently unavailable)
rNeg    . . .        D - +0 plate armour
rPois   .            (helmet restricted)
rElec   .            (no cloak)
rCorr   .            (no gloves)
SInv    .            (no boots)
Will    ++...        (no amulet) Stlth
                     j - +6 ring of dexterity
HPRegen 1.34/turn    (no ring)
MPRegen 0.12/turn

%: no passive effects
@: strong-willed, regenerating, lightly drained
A: horns 2, retaliatory headbutt
a: Renounce Religion, Berserk, Trog's Hand


You were on level 10 of the Dungeon.
You worshipped Trog.
Trog was most pleased with you.
You visited 1 branch of the dungeon, and saw 10 of its levels.

You collected 521 gold pieces.

Inventory:

Hand Weapons
 f - a +4 battleaxe (weapon)
 B - a +0 battleaxe
Missiles
 i - 30 poisoned darts (quivered)
Armour
 D - a +0 plate armour (worn)
Jewellery
 b - an amulet of magic regeneration
 d - an amulet of the acrobat
 j - a +6 ring of dexterity (left hand)
Wands
 a - a wand of mindburst (8)
 x - a wand of paralysis (15)
Scrolls
 e - 2 scrolls of immolation
 h - a scroll of noise {unknown}
 l - 2 scrolls of magic mapping {unknown}
 n - 4 scrolls of fog
 q - 5 scrolls of teleportation
 t - 2 scrolls of fear {unknown}
 v - 4 scrolls of poison
 y - 2 scrolls of enchant weapon {unknown}
 z - 2 scrolls of vulnerability {unknown}
 A - 3 scrolls of butterflies {unknown}
 E - a scroll of identify
Potions
 c - 3 potions of curing
 k - 2 potions of magic
 m - 2 potions of brilliance
 o - a potion of degeneration {unknown}
 p - 2 potions of mutation {unknown}
 r - 2 potions of haste
 u - 4 potions of lignification
 w - a potion of invisibility {unknown}
 C - a potion of resistance {unknown}


   Skills:
 - Level 6.5 Fighting
 + Level 19.3 Axes
 - Level 5.8 Armour
 - Level 4.1 Dodging


You had 10 spell levels left.
You didn't know any spells.
Your spell library was empty.

Dungeon Overview and Level Annotations

Branches:
Dungeon (10/15)            Temple (0/1) D:6
   Lair: D:8-11         Orc: D:9-12

Altars:
Ashenzari
Cheibriados
Dithmenos
Elyvilon
Fedhas
Gozag
Okawaru
Ru
Sif Muna
Trog
Wu Jian
Zin
The Shining One

Shops:
D:6 [

Annotations:
D:3 exclusion: downstairs
D:8 exclusion: oklob plant


Innate Abilities, Weirdness & Mutations

You have a pair of horns on your head.
You reflexively headbutt those who attack you in melee.


Message History

* * * LOW HITPOINT WARNING * * *
You closely miss the wraith. Your headbutt misses the wraith.
The wraith is severely damaged.
The wraith hits you but does no damage.
You slice the wraith!!
You destroy the wraith!
Trog accepts your kill.
You can now call in reinforcements.
A centaur warrior comes into view.
Things that are here:
a +0 long sword; a +0 robe Blink to where?
Press: ? - help, Dir - move target
As you read the scroll of blinking, it crumbles to dust.
You see here a yak corpse.
You start resting.
A centaur warrior is nearby!
A centaur warrior is nearby!
Your skin crawls.
You feel strong-willed.
You can no longer call in reinforcements.
The centaur warrior shouts!
The centaur warrior hits you.
The centaur warrior completely misses you.
The centaur warrior hits you!
* * * LOW HITPOINT WARNING * * *
The centaur warrior kicks you but does no damage.
The centaur warrior attacks as you move away!
The centaur warrior barely misses you. You furiously retaliate!
You headbutt the centaur warrior.
The centaur warrior kicks you but does no damage.
The centaur warrior wields a +0 longbow.
The centaur warrior shoots an arrow.
The arrow hits you!
* * * LOW HITPOINT WARNING * * *
You feel better.
The centaur warrior drinks a potion.
The centaur warrior seems to speed up.
The centaur warrior shoots an arrow.
The arrow hits you!
* * * LOW HITPOINT WARNING * * *
Okay, then.
You feel better.
The centaur warrior shoots an arrow.
The arrow hits you!!
You die...

.......# ......# ....
#####################.#
...c............)..†'.#
........).§..)..)...#.#
c.###############c.##.#
. #.†.#..# #@..#..#
#...##..# #....#...#
.....##...#
...}###....#
#..####......#
#+##.........#
##............#..
#.................


You could see a centaur warrior (fast).

Vanquished Creatures
  A two-headed ogre (D:10)
  Amaemon (D:8)
  Pikel (D:9)
  A deep elf pyromancer (D:10)
  An unseen horror (D:10)
  An orange demon (D:8)
  A troll (D:10)
  A hornet (D:9)
  Grinder (D:3)
  4 wraiths (D:10)
  13 yaks
  Grum (D:8)
  A wyvern (D:7)
  2 steam dragons
  An acid dragon (D:9)
  5 water moccasins
  2 sky beasts
  2 orc warriors
  2 ice beasts (D:6)
  2 black bears
  4 wolves (D:8)
  3 centaurs
  A lemure (D:9)
  2 bullfrogs
  5 kobold brigands
  A gnoll sergeant (D:9)
  2 scorpions
  8 wights
  4 killer bees
  3 howler monkeys (D:10)
  3 hounds
  10 jellies
  2 orc priests
  2 sleepcaps
  4 gnoll boudas
  2 iguanas (D:4)
  5 orc wizards
  A mummy (D:5)
  11 gnolls
  8 adders
  3 white imps (D:7)
  An ufetubus (D:6)
  3 worms
  4 dart slugs
  18 orcs
  10 ball pythons
  9 bats
  22 endoplasms
  A giant cockroach (D:4)
  6 goblins
  7 hobgoblins
  6 jackals (D:1)
  2 quokkas
  4 frilled lizards
  20 kobolds
  9 rats
250 creatures vanquished.

Vanquished Creatures (others)
  2 fungi (D:8)
2 creatures vanquished.

Grand Total: 252 creatures vanquished

Notes
Turn   | Place    | Note
-------+----------+-------------------------------------------
     0 | D:1      | BoiBoi123 the Minotaur Berserker began the quest for the
                  | Orb.
     0 | D:1      | Reached XP level 1. HP: 19/19 MP: 0/0
   189 | D:1      | Reached XP level 2. HP: 27/27 MP: 1/1
   190 | D:1      | Reached skill level 4 in Axes
   598 | D:1      | Reached XP level 3. HP: 33/33 MP: 2/2
   921 | D:2      | Reached ** piety under Trog
   965 | D:2      | Reached skill level 5 in Axes
  1541 | D:2      | Reached XP level 4. HP: 33/40 MP: 3/3
  1725 | D:3      | Found a faded altar of an unknown god.
  1752 | D:3      | Noticed Grinder
  1764 | D:3      | Killed Grinder
  1765 | D:3      | Reached skill level 7 in Axes
  1765 | D:3      | Reached XP level 5. HP: 37/46 MP: 4/4
  2016 | D:3      | Found a shimmering blue altar of Sif Muna.
  2131 | D:4      | Reached skill level 8 in Axes
  2131 | D:4      | Reached XP level 6. HP: 44/52 MP: 5/5
  2381 | D:4      | Found a shadowy altar of Dithmenos.
  2777 | D:4      | Reached skill level 9 in Axes
  3099 | D:4      | Reached XP level 7. HP: 11/58 MP: 6/6
  3275 | D:5      | Entered Level 5 of the Dungeon
  3669 | D:5      | Reached skill level 10 in Axes
  3846 | D:5      | Reached *** piety under Trog
  3975 | D:5      | Found a snail-covered altar of Cheibriados.
  4023 | D:5      | Reached skill level 11 in Axes
  4193 | D:6      | Reached XP level 8. HP: 51/66 MP: 7/7
  4306 | D:6      | Found a staircase to the Ecumenical Temple.
  4348 | D:6      | Found Joit's Armour Shoppe.
  4374 | D:6      | Reached skill level 12 in Axes
  4787 | D:6      | Found a bloodstained altar of Trog.
  5039 | D:6      | Reached skill level 13 in Axes
  5060 | D:6      | Reached skill level 14 in Axes
  5060 | D:6      | Reached XP level 9. HP: 43/71 MP: 8/8
  6055 | D:7      | Reached skill level 15 in Axes
  6454 | D:7      | Reached skill level 16 in Axes
  7272 | D:7      | Found a broken altar of Ashenzari.
  7384 | D:7      | Found a glowing silver altar of Zin.
  7455 | D:7      | Found an iron altar of Okawaru.
  7579 | D:7      | Found a sacrificial altar of Ru.
  7642 | D:7      | Found a glowing golden altar of the Shining One.
  7839 | D:8      | Found an opulent altar of Gozag.
  8003 | D:8      | Noticed an orange demon
  8004 | D:8      | Noticed Amaemon
  8014 | D:8      | Killed Amaemon
  8015 | D:8      | Reached skill level 17 in Axes
  8015 | D:8      | Reached XP level 10. HP: 78/78 MP: 9/9
  8019 | D:8      | Killed an orange demon
  8720 | D:8      | Found a blossoming altar of Fedhas.
  8772 | D:8      | Noticed Grum
  8786 | D:8      | Killed Grum
  9339 | D:8      | Noticed an oklob plant
  9391 | D:8      | Reached skill level 5 in Fighting
  9684 | D:9      | Found an ornate altar of the Wu Jian Council.
  9699 | D:9      | Noticed Pikel
  9717 | D:9      | Killed Pikel
  9718 | D:9      | Reached skill level 5 in Armour
  9816 | D:9      | Paralysed by a hornet for 3 turns
 10545 | D:9      | Found a white marble altar of Elyvilon.
 11046 | D:10     | Entered Level 10 of the Dungeon
 11110 | D:10     | Noticed a boulder beetle
 11114 | D:10     | Noticed a deep elf pyromancer
 11125 | D:10     | Killed a deep elf pyromancer
 11126 | D:10     | Reached skill level 18 in Axes
 11130 | D:10     | Reached XP level 11. HP: 55/91 MP: 10/10
 11578 | D:10     | Noticed a two-headed ogre
 11594 | D:10     | Killed a two-headed ogre
 11709 | D:10     | Reached skill level 19 in Axes
 11778 | D:10     | Reached **** piety under Trog
 11782 | D:10     | Noticed a centaur warrior
 11810 | D:10     | Shot with an arrow by a centaur warrior

Illustrated notes

Levels and vault maps discovered:
D:1:      saegor_arrival_simple_d, layout_basic
D:2:      layout_loops_ring, minmay_misc_feat_encased,
          nicolae_elevator_lobby_asterisk
D:3:      layout_rooms, led_sif_pool, ebering_ecumenical_altar_abandoned,
          uniq_grinder
D:4:      layout_basic, nicolae_dithmenos_shadow_blocks, minmay_box_of_dots
D:5:      layout_rooms, slow_altar_1
D:6:      layout_loops_ring, nicolae_overflow_crystal_walls,
          minmay_temple_entry_ruins, serial_shops, nicolae_shop_hallway_plus,
          minmay_puff
D:7:      layout_cave_pools, mainiacjoe_overflow_concentric_impassable,
          kennysheep_little_box, okawaru_metal_pillars_3, lemuel_tele_altar,
          mainiacjoe_overflow_24_doors
D:8:      lemuel_slime, layout_basic, nicolae_gozag_seed_capital,
          overflow_temple_1_default, uniq_grum, uniq_amaemon
D:9:      layout_irregular_city, mainiacjoe_overflow_small_starburst,
          old_standard_altar, uniq_pikel
D:10:     minmay_quarter_circles, layout_irregular_city, old_standard_altar,
          kennysheep_crisscross, nzn_sisyphean_effort

Skill      XL: |  1  2  3  4  5  6  7  8  9 10 11 |
---------------+----------------------------------+-----
Axes           | 4 5 7 8 9 11 14 17 18 19 | 19.3
Fighting       | 6 |  6.5
Armour         | 5 |  5.8
Dodging        | 4 |  4.1

Action                     |  1- 3 |  4- 6 |  7- 9 | 10-12 || total
---------------------------+-------+-------+-------+-------++-------
  Melee: Hand axe          |    67 |    75 |   245 |    24 ||   411
         Headbutt          |    16 |    23 |    43 |    44 ||   126
         Punch             |       |     3 |     6 |     1 ||    10
         Battleaxe         |       |       |       |   164 ||   164
  Throw: Dart              |       |       |     4 |     5 ||     9
 Invoke: Berserk           |     1 |     3 |     7 |     7 ||    18
         Trog's Hand       |       |     2 |     4 |    10 ||    16
    Use: Scroll            |       |       |     6 |     8 ||    14
         Potion            |       |       |       |     7 ||     7
 Armour: Animal skin       |     4 |       |       |       ||     4
         Ring mail         |    16 |       |       |       ||    16
         Chain mail        |     3 |    28 |   100 |    13 ||   144
         Plate armour      |       |       |       |    81 ||    81
  Dodge: Dodged            |    49 |    46 |    85 |    91 ||   271
